 Dungeon Crawl Stone Soup version 0.18-a0-1312-gf98331d (webtiles) character file.

452 Duffy the Shield-Bearer (level 7, -4/52 HPs)
             Began as a Formicid Fighter on Feb 14, 2016.
             Slain by a mummy (14 damage)
             ... in an ossuary.
             The game lasted 00:03:01 (3205 turns).

Duffy the Shield-Bearer (Formicid Fighter)          Turns: 3205, Time: 00:03:01

Health: -4/52      AC:  8    Str: 22    XL:     7   Next: 25%
Magic:  7/7        EV:  9    Int:  8    God:
Gold:   138        SH: 10    Dex: 10    Spells: 0 memorised, 6 levels left

rFire  . . .     SeeInvis +     a - +0 war axe
rCold  . . .     Gourm    .     b - +0 scale mail
rNeg   . . .     Faith    .     c - +0 shield
rPois  .         Spirit   .     (helmet unavailable)
rElec  .         Dismiss  .     (no cloak)
rCorr  .         Reflect  .     n - +0 pair of gloves
SustAt .         Harm     .     (no boots)
MR     .....                    (no amulet)
Stlth  ..........               (no ring)
                                (no ring)

@: marked, not resistant to hostile enchantments, extremely unstealthy
A: permanent stasis, dig shafts and tunnels, four strong arms, antennae 3
a: Dig, Shaft Self


You were in an ossuary.
You were hungry.

You visited 1 branch of the dungeon, and saw 4 of its levels.
You also visited: Ossuary.

You collected 138 gold pieces.


Innate Abilities, Weirdness & Mutations

You are under a permanent stasis effect.
You can dig through walls and to a lower floor.
Your four strong arms can wield two-handed weapons with a shield.
You have a pair of large antennae on your head (SInv).


   Skills:
 - Level 3.2 Fighting
 + Level 5.2 Axes
 - Level 3.2 Armour
 + Level 7.1 Shields


You had 6 spell levels left.
You didn't know any spells.

Inventory:

Hand Weapons
 a - a +0 war axe (weapon)
Armour
 b - a +0 scale mail (worn)
 c - a +0 shield (worn)
 n - a +0 pair of gloves (worn)
Jewellery
 l - a cursed amulet of inaccuracy {unknown}
Wands
 r - a wand of disintegration (11/24)
 u - a wand of iceblast (11/15)
Scrolls
 e - a scroll of blinking {unknown}
 g - 5 scrolls of identify {unknown}
 m - a scroll of magic mapping {unknown}
 o - a scroll of amnesia {unknown}
 p - a scroll of fear {unknown}
 q - 3 scrolls of random uselessness {unknown}
 s - a scroll of teleportation {unknown}
 t - a scroll of enchant weapon {unknown}
 v - a scroll of noise {unknown}
Potions
 d - 2 potions of might
 h - a potion of mutation {unknown}
 i - 2 potions of degeneration {unknown}
 j - 2 potions of beneficial mutation {unknown}
 w - 2 potions of curing
Comestibles
 f - 3 bread rations
 k - a royal jelly

Dungeon Overview and Level Annotations

Branches:
Dungeon (4/15)
 Temple: D:4-7

Altars:
Makhleb

Shops:
D:4 [


Message History

You are too injured to fight recklessly!
You are too injured to fight recklessly!
You are too injured to fight recklessly!
You hit the mummy.
The mummy is almost destroyed.
You barely miss the mummy.
The mummy is almost destroyed.
You slash the mummy!
You destroy the mummy!
Your scale mail prevents you from hitting the mummy.
You hit the mummy but do no damage.
The mummy is almost destroyed.
You block the mummy's attack. x2
You found an alarm trap!
The mummy hits you but does no damage.
Found 3 pink potions.
You slash the mummy!
The mummy is severely damaged.
You hit the mummy.
The mummy is almost destroyed.
You slash the mummy!
The mummy is moderately damaged.
You block the mummy's attack. x2
You hit the mummy but do no damage.
The mummy is severely damaged.
You hit the mummy.
You destroy the mummy!
You hit the mummy.
The mummy is heavily damaged.
The mummy hits you! The mummy hits you.
You hit the mummy.
The mummy is almost destroyed.
You barely miss the mummy.
The mummy is heavily damaged.
The mummy hits you!
You die...

##. !. ##### !.
#...# #. #...# #.
##.## ###'### #.#
##.....## ##.+{
##...M@..###..#
#....^M...#...+{
.'....}....'...#
.#.........#...+{
##.......###..#
##.....## ##.+{
###'### #.# #.#
#.# ##.## #...#


You could see 2 mummies.

Action                   |  1- 3 |  4- 6 |  7- 9 || total
-------------------------+-------+-------+-------++-------
Melee: War axe           |    89 |   131 |    20 ||   240
  Use: Potion            |     1 |       |       ||     1
  Eat: Chunk             |     1 |     6 |       ||     7

Notes
Turn   | Place    | Note
--------------------------------------------------------------
     0 | D:1      | Duffy the Formicid Fighter began the quest for the Orb.
     0 | D:1      | Reached XP level 1. HP: 18/18 MP: 1/1
   163 | D:1      | Reached XP level 2. HP: 24/24 MP: 2/2
   302 | D:1      | Reached skill level 4 in Shields
   449 | D:1      | Reached XP level 3. HP: 27/29 MP: 3/3
   643 | D:2      | Found a burning altar of Makhleb.
  1396 | D:3      | Reached XP level 4. HP: 31/35 MP: 4/4
  1397 | D:3      | Reached skill level 3 in Axes
  1407 | D:3      | Reached skill level 5 in Shields
  2012 | D:3      | Reached XP level 5. HP: 38/41 MP: 5/5
  2270 | D:3      | Reached skill level 4 in Axes
  2273 | D:3      | Reached XP level 6. HP: 41/47 MP: 6/6
  2446 | D:3      | Reached skill level 6 in Shields
  2979 | D:4      | Noticed an ogre
  2989 | D:4      | Killed an ogre
  2989 | D:4      | Reached skill level 5 in Axes
  2989 | D:4      | Reached XP level 7. HP: 27/52 MP: 7/7
  3032 | D:4      | Found Cecver's Antique Armour Shop.
  3034 | D:4      | Found a sand-covered staircase.
  3057 | Ossuary  | Entered an ossuary
  3195 | Ossuary  | Reached skill level 7 in Shields
  3205 | Ossuary  | Slain by a mummy

Vault maps used:
D:1:      co_arrival_random_square_maze
D:2:      nicolae_overflow_crystal_walls, first_bread
D:3:      kennysheep_doodads, minmay_cut_off
D:4:      grunt_temple_overflow_growth_and_decay, old_standard_altar,
          grunt_temple_overflow_diamond, enter_ossuary_1, serial_shops, shop
Ossuary:  ossuary_crypta

Vanquished Creatures
  An ogre
  A giant frog
  An orc priest
  2 orc wizards
  A worker ant
  A hound skeleton
  4 mummies
  5 adders
  An ooze
  2 giant geckos
  15 orcs
  2 ball pythons
  A bat
  3 giant cockroaches
  5 hobgoblins
  8 jackals
  A quokka
  2 giant newts
  2 goblins
  7 kobolds
  7 rats
72 creatures vanquished.
